 Dungeon Crawl Stone Soup version 0.23-a0-321-g6bcb69f (webtiles) character file.

28 Ijustatesigmund the Magician (level 3, -7/21 HPs)
             Began as an Octopode Wizard on Oct 15, 2018.
             Shot with an arrow by a centaur (19 damage)
             ... on level 2 of the Dungeon.
             The game lasted 00:03:46 (1675 turns).

Ijustatesigmund the Magician (Octopode Wizard)      Turns: 1675, Time: 00:03:47

Health: -7/21      AC:  1    Str:  6    XL:     3   Next: 14%
Magic:  7/7        EV: 13    Int: 20    God:
Gold:   54         SH:  0    Dex: 11    Spells: 5/8 levels left

rFire    . . .     SeeInvis .   h - +0 blowgun
rCold    . . .     Gourm    .   (no shield)
rNeg     . . .     Faith    .   a - +0 hat
rPois    .         Spirit   .   (no amulet)
rElec    .         Reflect  .   (no ring)
rCorr    .         Harm     .   (no ring)
MR       .....                  (no ring)
Stlth    +++.......             (no ring)
HPRegen  0.07/turn              (no ring)
MPRegen  0.10/turn              (no ring)
                                (no ring)
                                (no ring)

@: no status effects
A: almost no armour, stealthy swim, amphibious, 8 rings, constrict 8, camouflage
1, gelatinous body 1
a: no special abilities


You were on level 2 of the Dungeon.
You were not hungry.

You visited 1 branch of the dungeon, and saw 3 of its levels.

You collected 54 gold pieces.

Inventory:

Hand Weapons
 g - a +0 flail
 h - a +0 blowgun (weapon)
Missiles
 i - 6 poisoned needles (quivered)
Armour
 a - a +0 hat (worn)
Potions
 b - a potion of curing {unknown}
 d - a potion of agility {unknown}
 e - a potion of berserk rage {unknown}
Comestibles
 c - 4 rations
 f - a chunk of flesh


   Skills:
 - Level 2.0 Dodging
 - Level 2.6 Stealth
 - Level 3.0 Spellcasting
 + Level 2.5 Conjurations
   Level 1.0 Summonings
 + Level 1.8 Translocations


You had 5 spell levels left.
You knew the following spells:

 Your Spells              Type           Power        Failure   Level  Hunger
a - Magic Dart            Conj           ##..         4%          1    None
b - Blink                 Tloc           N/A          11%         2    ##.....

Your spell library contained the following spells:

 Spells                   Type           Power        Failure   Level  Hunger
 Call Imp                 Summ           #.......     14%         2    ##.....
 Slow                     Hex            #.......     22%         2    ##.....
 Conjure Flame            Conj/Fire      #.......     26%         3    ###....
 Mephitic Cloud           Conj/Pois/Air  #.......     30%         3    ###....


Dungeon Overview and Level Annotations

Branches:
Dungeon (3/15)

Altars:


Innate Abilities, Weirdness & Mutations

You cannot wear most types of armour.
You are very stealthy in the water. (Stealth+)
You are amphibious.
You can wear up to eight rings at the same time.
You can use your tentacles to constrict eight enemies at once.
Your skin changes colour to match your surroundings (Stealth+).
Your rubbery body absorbs attacks. (AC +1, EV +1)


Message History

The arrow hits you!
Firing (i - inventory)
i - 9 poisoned needles (quivered)
Press: ? - help, Shift-Dir - straight line, f/p - centaur
Aim: a centaur, wielding a +0 shortbow You shoot a poisoned needle.
The poisoned needle barely misses the centaur.
The centaur shoots an arrow.
The arrow hits you.
Firing (i - inventory)
i - 8 poisoned needles (quivered)
Press: ? - help, Shift-Dir - straight line, f/p - centaur
Aim: a centaur, wielding a +0 shortbow You shoot a poisoned needle.
The poisoned needle barely misses the centaur.
Firing (i - inventory)
i - 7 poisoned needles (quivered)
Press: ? - help, Shift-Dir - straight line, f/p - centaur
Aim: a centaur, wielding a +0 shortbow You shoot a poisoned needle.
The poisoned needle barely misses the centaur.
The centaur shoots an arrow.
The arrow hits you!!
Ouch! That really hurt!
You die...

#.# ... #.# #.#
#.####.# #...)..## #
##.<.##.# ###
#..#..#.## ..#
#@###.... #.#
#..#..#.## #.#
##.c.#. .# #.#
#######.#.....#
#.##### #...###.#
.(.##
......######.......#
.##
#.###......#...#####
# #.# #.####.##.##
#.# #.# #.##.#


You could see a centaur.

Vanquished Creatures
  A worm (D:2)
  A leopard gecko (D:1)
  2 bats
  A giant cockroach (D:1)
  2 goblins (D:1)
  2 hobgoblins
  3 jackals (D:2)
  5 kobolds
  A frilled lizard (D:1)
  3 rats
21 creatures vanquished.

Notes
Turn   | Place    | Note
-------+----------+-------------------------------------------
     0 | D:1      | Ijustatesigmund the Octopode Wizard began the quest for the
                  | Orb.
     0 | D:1      | Reached XP level 1. HP: 11/11 MP: 4/4
   478 | D:1      | Reached XP level 2. HP: 17/17 MP: 1/6
   486 | D:1      | Learned a level 2 spell: Blink
   927 | D:2      | Noticed a centaur
  1317 | D:2      | Reached XP level 3. HP: 17/21 MP: 0/7
  1675 | D:2      | Shot with an arrow by a centaur

Vault maps used:
D:1:      dpeg_arrival_rhombi
D:2:      nicolae_dithmenos_through_a_glass_darkly,
          chequers_ecumenical_altar_simple, first_ration, uniq_sigmund
D:3:      nicolae_qazlal_eye_of_the_storm

Skill      XL: |  1 |
---------------+----+-----
Conjurations   | 2 |  2.5
Dodging        | |  2.0
Stealth        | |  2.6
Spellcasting   | |  3.0
Summonings     | |  1.0
Translocations | |  1.8

Action                   || total
-------------------------++-------
Melee: Flail             ||     6
       Unarmed           ||     4
       Tentacles         ||     3
       Constrict         ||     2
 Fire: Blowgun           ||     4
 Cast: Magic Dart        ||    46
  Use: Scroll            ||     2
 Stab: Sleeping          ||     2
  Eat: Chunk             ||     2
Dodge: Dodged            ||     6

Table legend:
 A = Non-vault XP
 B = Vault XP
 C = Vault XP percentage of total XP
 D = Non-vault monster count
 E = Vault monster count
 F = Vault count percentage of total count
                 A         B        C        D         E       F
            +---------+---------+-------+---------+---------+-------
      Total |      41 |       0 |   0.0 |      21 |       0 |   0.0
            +---------+---------+-------+---------+---------+-------
        D:1 |      20 |       0 |   0.0 |      11 |       0 |   0.0
        D:2 |      19 |       0 |   0.0 |       9 |       0 |   0.0
        D:3 |       2 |       0 |   0.0 |       1 |       0 |   0.0
            +---------+---------+-------+---------+---------+-------
